 Dungeon Crawl Stone Soup version 0.27.0-1-g7a089689b8 (webtiles) character file.

Game seed: 844383727993813877

3649 gimp the Martial Artist (level 9, -9/74 HPs)
             Began as a Purple Draconian Transmuter on Aug 8, 2021.
             Mangled by a troll (12 damage)
             ... on level 9 of the Dungeon.
             The game lasted 00:16:36 (10045 turns).

gimp the Martial Artist (DrTm)                     Turns: 10045, Time: 00:16:37

Health: -9/74      AC:  7    Str: 13    XL:     9   Next: 88%
Magic:  12/12      EV: 12    Int: 15    God:
Gold:   214        SH:  6    Dex: 13    Spells: 6/12 levels left

rFire    . . .     SeeInvis .     - Unarmed
rCold    . . .     Faith    .   o - +1 buckler
rNeg     . . .     Spirit   .   (armour unavailable)
rPois    .         Reflect  .   (helmet restricted)
rElec    .         Harm     .   (no cloak)
rCorr    .         Rampage  .   (no gloves)
Will     ++...                  (no boots)
Stlth    +.........             (no amulet)
HPRegen  0.22/turn              m - ring of willpower
MPRegen  0.13/turn              (no ring)

@: no status effects
A: breathe power, AC +7, unfitting armour, cold-blooded
a: Breathe Dispelling Energy


You were on level 9 of the Dungeon.
You visited 1 branch of the dungeon, and saw 8 of its levels.

You collected 332 gold pieces.
You spent 118 gold pieces at shops.

Inventory:

Missiles
 i - 9 poisoned darts (quivered)
Armour
 o - a +1 buckler (worn)
Jewellery
 m - a ring of willpower (left hand)
 r - a +6 ring of dexterity
 u - a +6 ring of intelligence
Wands
 n - a wand of paralysis (7)
 p - a wand of acid (1)
 s - a wand of iceblast (10)
Scrolls
 d - 2 scrolls of silence
 f - 3 scrolls of identify
 g - 2 scrolls of teleportation
 h - a scroll of amnesia
 j - a scroll of fear
 q - a scroll of fog
 v - 2 scrolls of enchant armour
 y - a scroll of enchant weapon {unknown}
Potions
 a - a potion of heal wounds
 b - 3 potions of degeneration
 e - 3 potions of might
 k - a potion of cancellation
 l - a potion of mutation
 t - 2 potions of curing
 w - 2 potions of berserk rage
 x - a potion of attraction {unknown}


   Skills:
 - Level 5.0 Fighting
 - Level 1.7 Dodging
 - Level 4.0 Shields
 * Level 10.8 Unarmed Combat
 - Level 2.4 Spellcasting
 + Level 7.6 Transmutations


You had 6 spell levels left.
You knew the following spells:

 Your Spells              Type           Power      Damage    Failure   Level
a - Beastly Appendage     Tmut           48%        N/A       1%          1
b - Wereblood             Tmut           24%        N/A       1%          2
c - Spider Form           Tmut/Pois      6%         N/A       14%         3

Your spell library contained the following spells:

 Spells                   Type           Power      Damage    Failure   Level
 Ignite Poison            Fire/Tmut/Pois 9%         N/A       22%         3
 Ice Form                 Ice/Tmut       13%        N/A       41%         4
 Conjure Flame            Conj/Fire      1%         6-21      54%         3
 Dazzling Flash           Conj/Hex       2%         N/A       54%         3
 Sticky Flame             Conj/Fire      1%         2d3       91%         4
 Agony                    Necr           1%         N/A       99%         5
 Silence                  Hex/Air        0%         N/A       99%         5
 Borgnjor's Revivificati  Necr           0%         N/A       100%        8
 Necromutation            Tmut/Necr      6%         N/A       100%        8
 Death's Door             Necr           0%         N/A       100%        9


Dungeon Overview and Level Annotations

Branches:
Dungeon (7/15)
 Temple: D:4-7

Altars:
Fedhas
Kikubaaqudgha
Makhleb
Wu Jian
Xom

Shops:
D:1 [!?=   D:9 =

Annotations:
D:6 1 runed translucent door, velxir3's ghost, novice HuIE


Innate Abilities, Weirdness & Mutations

You can breathe bolts of dispelling energy.
Your rich purple scales are hard. (AC +7)
You cannot fit into any form of body armour.
You are cold-blooded and may be slowed by cold attacks.


Message History

You bite the troll!
The troll is poisoned.
The troll is moderately wounded.
You bite the troll!
The troll looks as sick as possible!
The troll is heavily wounded.
The troll barely misses you. The troll claws you!
* * * LOW HITPOINT WARNING * * *
The troll closely misses you.
You take 14 damage, and have 22/74 hp.
Your transformation is almost over.
MP restored: 12 Your transformation has ended.
Your +1 buckler unmelds from your body.
Press: ? - help, Shift-Dir - straight line, f - troll
Aim: a troll (heavily wounded, very poisoned)
You breathe a bolt of dispelling energy.
The bolt of dispelling energy hits the troll.
The troll is severely wounded.
The troll bites you!
* * * LOW HITPOINT WARNING * * *
The troll claws you but does no damage. The troll claws you!
* * * LOW HITPOINT WARNING * * *
You take 19 damage, and have 8/74 hp.
MASSIVE DAMAGE!!
Throw: 2 darts (curare)
Press: ? - help, Q - select action, (/) - cycle Shift-Dir - straight line, f/p - troll
Aim: a troll (heavily wounded, poisoned, 59% to hit)
You throw a curare-tipped dart.
The curare-tipped dart barely misses the troll.
You have got your breath back.
The troll looks more healthy.
Throw: dart (curare)
Press: ? - help, Q - select action, (/) - cycle Shift-Dir - straight line, f/p - troll
Aim: a troll (lightly wounded, 59% to hit)
You throw a curare-tipped dart. The curare-tipped dart hits the troll.
The troll is poisoned.
The troll convulses.
The troll seems to slow down.
The troll is moderately wounded.
The troll bites you!
* * * LOW HITPOINT WARNING * * *
The troll claws you!
You die...

###.#..........#
#.........######
..........#
..........#
..........#
..........#######
................#
####.#####.#####.#
#....# #..# #@#
.....## ##.# #T#
......# #.# #.#
......# #.# #.#
......#####.## #.#
.............###.#
......###.....##.#
......# ###.###..#
......# #.# #.##


You could see a troll (very poisoned, slow).

Vanquished Creatures
  Harold (D:7)
  Pikel (D:7)
  Sigmund (D:2)
  2 wyverns
  Edmund (D:6)
  2 water moccasins
  An orc warrior (D:6)
  An ice beast (D:6)
  A black bear (D:4)
  An ogre (D:6)
  2 centaurs
  A bullfrog (D:7)
  A water moccasin zombie (D:5)
  A scorpion (D:5)
  5 wights
  A crimson imp (D:3)
  3 jellies
  4 hounds
  2 centaur zombies
  A centaur skeleton (D:7)
  2 orc priests (D:7)
  2 iguanas
  An orc wizard (D:3)
  2 killer bee zombies
  A hound skeleton (D:5)
  A mummy (D:4)
  A howler monkey zombie (D:7)
  6 gnolls
  7 adders
  3 howler monkey skeletons
  A shadow imp (D:7)
  An ufetubus (D:5)
  2 worms
  A dart slug (D:4)
  13 orcs
  6 ball pythons
  3 bats
  6 endoplasms
  4 goblins
  12 hobgoblins
  9 jackals
  10 kobolds
  4 quokkas
  5 frilled lizards
  A hobgoblin zombie (D:4)
  An orc zombie (D:4)
  2 rats (D:1)
140 creatures vanquished.

Notes
Turn   | Place    | Note
-------+----------+-------------------------------------------
     0 | D:1      | gimp the Draconian Transmuter began the quest for the Orb.
     0 | D:1      | Reached XP level 1. HP: 16/16 MP: 3/3
     9 | D:1      | Found Myicreob's Jewellery Boutique.
   365 | D:1      | Found a faded altar of an unknown god.
   399 | D:1      | Reached XP level 2. HP: 22/23 MP: 3/5
   419 | D:1      | Found Ecegaco's Distillery.
   602 | D:1      | Learned a level 2 spell: Wereblood
   973 | D:1      | Reached XP level 3. HP: 27/29 MP: 6/6
  1030 | D:1      | Found Oplinimi's Magic Scroll Emporium.
  1077 | D:1      | Found Buink's Armour Boutique.
  1260 | D:2      | Reached skill level 4 in Unarmed Combat
  1588 | D:2      | Noticed Sigmund
  1619 | D:2      | Killed Sigmund
  1620 | D:2      | Reached skill level 5 in Unarmed Combat
  1620 | D:2      | Reached XP level 4. HP: 37/38 MP: 7/7
  1620 | D:2      | Reached XP level 5. HP: 44/45 MP: 8/8
  2268 | D:1      | Bought a potion of curing for 42 gold pieces
  2776 | D:3      | Learned a level 3 spell: Spider Form
  2832 | D:3      | Reached XP level 6. HP: 50/51 MP: 7/9
  2892 | D:3      | Found a burning altar of Makhleb.
  2892 | D:3      | Found a shimmering altar of Xom.
  3562 | D:1      | Bought a +0 buckler for 54 gold pieces
  3667 | D:4      | Noticed a water moccasin
  3697 | D:4      | Killed a water moccasin
  3903 | D:4      | Reached skill level 1 in Shields
  3905 | D:4      | Reached skill level 6 in Unarmed Combat
  3905 | D:4      | Your scales start taking on a rich purple colour.
  3905 | D:4      | Reached XP level 7. HP: 31/59 MP: 8/10
  4355 | D:4      | Found an ornate altar of the Wu Jian Council.
  4409 | D:4      | Found a blossoming altar of Fedhas.
  4679 | D:1      | Bought a scroll of fog for 22 gold pieces
  4985 | D:5      | Entered Level 5 of the Dungeon
  6363 | D:6      | Noticed Edmund
  6377 | D:6      | Killed Edmund
  6378 | D:6      | Reached skill level 7 in Unarmed Combat
  6378 | D:6      | Reached XP level 8. HP: 28/67 MP: 11/11
  6585 | D:6      | Reached skill level 5 in Fighting
  6784 | D:6      | Reached skill level 5 in Transmutations
  6907 | D:6      | Noticed velxir3's ghost (novice HuIE)
  6911 | D:6      | Found a runed translucent door.
  7369 | D:7      | Noticed Harold
  7663 | D:7      | Reached skill level 8 in Unarmed Combat
  7664 | D:7      | Found an ancient bone altar of Kikubaaqudgha.
  8329 | D:7      | Noticed Pikel
  8355 | D:7      | Killed Pikel
  8356 | D:7      | Reached skill level 9 in Unarmed Combat
  8356 | D:7      | Reached XP level 9. HP: 24/74 MP: 10/12
  8903 | D:7      | Killed Harold
  8904 | D:7      | Reached skill level 10 in Unarmed Combat
  9635 | D:7      | You fall into a shaft and drop 2 floors!
  9635 | D:9      | Found Uwossoh's Jewellery Shoppe.
  9995 | D:9      | Noticed a troll
 10045 | D:9      | HP: 3/74 [troll (9)]
 10045 | D:9      | Mangled by a troll

Illustrated notes

Levels and vault maps discovered:
D:1:      wander_arrival_desolate, layout_loops_ring,
          shapermc_ecumenical_altar_petra, serial_shops, shop_statue,
          nicolae_square_shop, nicolae_square_shop, nicolae_shop_stone
D:2:      layout_basic, uniq_sigmund
D:3:      cheibrodos_helix_gallery, layout_basic,
          grunt_temple_overflow_champion_of_chaos, corner_web_ring,
          grunt_ministairs_7
D:4:      layout_gridville, mainiacjoe_overflow_large_starburst,
          nicolae_ossuary_entry_giza, kennysheep_nub
D:5:      layout_gridville, grunt_decor_fettered
D:6:      layout_loops_cross, hellmonk_ghost_happy_afterlife, uniq_edmund
D:7:      layout_basic, nicolae_overflow_crystal_walls,
          minmay_temple_entry_antechambers, uniq_crazy_yiuf_cottage,
          uniq_harold, uniq_pikel
D:9:      layout_rooms, lair_entry_dummy, minmay_orc_entry_temple_small,
          serial_shops, nicolae_shop_overgrown_old_shop, shop_fountains, shop

Skill      XL: |  1  2  3  4  5  6  7  8  9 |
---------------+----------------------------+-----
Fighting       | 2 3 4 5 |  5.0
Unarmed Combat | 5 6 7 9 10 | 10.8
Transmutations | 3 4 6 7 |  7.6
Shields        | 1 2 4 |  4.0
Dodging        | |  1.7
Spellcasting   | |  2.4

Action                   |  1- 3 |  4- 6 |  7- 9 || total
-------------------------+-------+-------+-------++-------
Melee: Unarmed           |   108 |   153 |   321 ||   582
       Tailslap          |    14 |     9 |    37 ||    60
       Headbutt          |     5 |     7 |    35 ||    47
       Kick              |     7 |    16 |    64 ||    87
       Punch             |       |     1 |       ||     1
Throw: Dart              |     9 |     2 |    12 ||    23
 Cast: Beastly Appendage |    12 |    15 |    33 ||    60
       Wereblood         |     1 |     2 |     1 ||     4
       Spider Form       |       |       |     3 ||     3
 Abil: Breathe Dispellin |       |       |     9 ||     9
Evoke: Wand              |       |       |     5 ||     5
  Use: Potion            |       |     5 |       ||     5
       Scroll            |       |     4 |     7 ||    11
 Stab: Sleeping          |     1 |       |       ||     1
Armor: Skin              |    37 |    42 |    77 ||   156
Dodge: Dodged            |    60 |    75 |   167 ||   302
Block: Buckler           |       |     7 |    58 ||    65
